 Dungeon Crawl Stone Soup version 0.28.0-53-g5a82cb258f (webtiles) character file.

Game seed: 8584858746702805597

44 protoss039 the Digger (level 3, 0/27 HPs)
             Began as a Demonspawn Earth Elementalist on June 15, 2022.
             Slain by Terence
             ... wielding a +0 trident
              (7 damage)
             ... on level 2 of the Dungeon.
             The game lasted 00:02:10 (1837 turns).

protoss039 the Digger (DsEE)                        Turns: 1837, Time: 00:02:10

Health: 0/27       AC:  2    Str:  8    XL:     3   Next: 39%
Magic:  0/6        EV: 12    Int: 20    God:
Gold:   50         SH:  0    Dex: 13    Spells: 0/6 levels left

rFire   . . .      SeeInvis +   f - +0 short sword
rCold   . . .      Faith    .   (no shield)
rNeg    . . .      Spirit   .   b - +0 robe
rPois   .          Reflect  .   (no helmet)
rElec   .          Harm     .   (no cloak)
rCorr   .          Rampage  .   (no gloves)
Will    .....                   (no boots)
Stlth   ++........              (no amulet)
HPRegen 0.09/turn               j - ring of see invisible
MPRegen 0.10/turn               (no ring)

@: no status effects
A: big brain 1
a: no special abilities


You were on level 2 of the Dungeon.
You visited 1 branch of the dungeon, and saw 2 of its levels.

You collected 50 gold pieces.

Inventory:

Hand Weapons
 f - a +0 short sword (weapon)
Missiles
 c - 107 stones
Armour
 b - a +0 robe (worn)
 i - +0 fire dragon scales
Jewellery
 j - a ring of see invisible (left hand)
Scrolls
 d - 2 scrolls of immolation {unknown}
 g - a scroll of identify {unknown}
Potions
 a - a potion of heal wounds {unknown}
 e - a potion of curing {unknown}
 h - a potion of ambrosia {unknown}


   Skills:
 * Level 1.7 Fighting
 + Level 1.0 Armour
 - Level 1.7 Dodging
 - Level 1.7 Stealth
 + Level 2.3 Spellcasting
 * Level 0.0 Conjurations
 - Level 1.0 Transmutations
 + Level 3.0 Earth Magic


You couldn't memorise any spells.
You knew the following spells:

 Your Spells              Type           Power      Damage    Failure   Level
a - Sandblast             Erth           28%        2d8       4%          1
b - Passwall              Tmut/Erth      8%         N/A       10%         2
c - Stone Arrow           Conj/Erth      16%        3d8       24%         3

Your spell library contained the following spells:

 Spells                   Type           Power      Damage    Failure   Level
 Slow                     Hex            8%         N/A       16%         1
 Confusing Touch          Hex            2%         N/A       41%         3
 Vampiric Draining        Necr           2%         2d6       41%         3
 Petrify                  Tmut/Erth      10%        N/A       54%         4


Dungeon Overview and Level Annotations

Branches:
Dungeon (2/15)

Altars:
Qazlal

Annotations:
D:2 Terence


Innate Abilities, Weirdness & Mutations

You have an unusually large brain. (Int +2)


Message History

Press: ? - help, Shift-Dir - straight line, f - Terence
Aim: Terence, wielding a +0 trident and wearing a +0 ring mail (69% to hit)
You miscast Stone Arrow.
You are very lightly contaminated with residual magic.
Nothing appears to happen.
Terence hits you from afar with a +0 trident!
Casting: Stone Arrow (extremely dangerous; 24% risk of failure)
Confirm with . or Enter, or press ? or * to list all spells.
You don't have enough magic to cast this spell.
Terence is nearby!
Casting: Stone Arrow (extremely dangerous; 24% risk of failure)
Confirm with . or Enter, or press ? or * to list all spells.
Aiming: Sandblast (safe; 4% risk of failure)
Press: ? - help, Shift-Dir - straight line, f/p - Terence
Aim: Terence, wielding a +0 trident and wearing a +0 ring mail (82% to hit)
The blast of sand hits Terence.
Terence is lightly wounded.
Terence hits you from afar with a +0 trident!
Unknown command.
Your magical contamination has completely faded away.
Terence shouts, "Get ready for death!"
Casting: Sandblast (safe; 4% risk of failure)
Confirm with . or Enter, or press ? or * to list all spells.
Aiming: Sandblast (safe; 4% risk of failure)
Press: ? - help, Shift-Dir - straight line, f/p - Terence
Aim: Terence, wielding a +0 trident and wearing a +0 ring mail (lightly wounded, 82% to hit)
The blast of sand hits Terence but does no damage.
Terence is lightly wounded.
Terence hits you from afar with a +0 trident.
* * * LOW HITPOINT WARNING * * *
There is an open door here.
Casting: Sandblast (safe; 4% risk of failure)
Confirm with . or Enter, or press ? or * to list all spells.
Aiming: Sandblast (safe; 4% risk of failure)
Press: ? - help, Shift-Dir - straight line, f/p - Terence
Aim: Terence, wielding a +0 trident and wearing a +0 ring mail (lightly wounded, 82% to hit)
The blast of sand hits Terence.
Terence is lightly wounded.
Terence hits you from afar with a +0 trident!
You die...

## #.## ##.....## ##...# .#
#..## ##.......## ##.##.#
.####...####.........####...#.#
...........'.........'........#
#####...####.........####...#.#
# #..## ##.......## ##.##.# #
#.## ##.....## ####.# ...
##...## #.# #.# ##@## #.# #.#
####.#### #.# #.# #..@....# #.#
#.##.##.# #.#...#.#
##.......########
#................
.##.....##.########
.......#.##.#


You could see Terence.

Vanquished Creatures
  A gnoll (D:1)
  4 bats
  4 endoplasms
  A giant cockroach (D:1)
  3 goblins
  2 hobgoblins (D:1)
  4 jackals (D:1)
  2 kobolds (D:1)
  A quokka (D:1)
  2 ball pythons
  A frilled lizard (D:2)
  5 rats
30 creatures vanquished.

Notes
Turn   | Place    | Note
-------+----------+-------------------------------------------
     0 | D:1      | protoss039 the Demonspawn Earth Elementalist began the
                  | quest for the Orb.
     0 | D:1      | Reached XP level 1. HP: 13/13 MP: 3/3
    25 | D:1      | Reached skill level 1 in Transmutations
   386 | D:1      | Found a faded altar of an unknown god.
   435 | D:1      | Gained mutation: You have an unusually large brain. (Int
                  | +2) [demonic ancestry]
   435 | D:1      | Reached XP level 2. HP: 20/20 MP: 5/5
   581 | D:1      | Reached skill level 1 in Fighting
   790 | D:1      | Reached XP level 3. HP: 26/26 MP: 4/6
   824 | D:1      | Reached skill level 3 in Earth Magic
  1012 | D:1      | Reached skill level 1 in Armour
  1228 | D:2      | Learned a level 2 spell: Passwall
  1232 | D:2      | Learned a level 3 spell: Stone Arrow
  1353 | D:2      | Found a stormy altar of Qazlal.
  1813 | D:2      | Noticed Terence
  1837 | D:2      | Slain by Terence

Illustrated notes

Levels and vault maps discovered:
D:1:      heliophobic_arrival_enchanted_forest, layout_loops_cross,
          shapermc_ecumenical_altar_flowoftime, grunt_decor_one_mirror
D:2:      layout_loops_corners, basic_altar, uniq_terence

Skill      XL: |  1  2  3 |
---------------+----------+-----
Transmutations | 1 |  1.0
Fighting       | 1 |  1.7
Earth Magic    | 3 |  3.0
Armour         | 1 |  1.0
Dodging        | |  1.7
Stealth        | |  1.7
Spellcasting   | |  2.3

Action                   || total
-------------------------++-------
Melee: Short sword       ||    57
       Unarmed           ||     6
       Punch             ||     1
 Cast: Sandblast         ||    31
 Stab: Sleeping          ||     3
Armor: Robe              ||    15
Dodge: Dodged            ||    50
